TOP OF THE 1ST |
Bismark Border Guards batting - Pitching for Bismarck Barons : RHP Robinson Alomar
|
Pitching: RHP Robinson Alomar
|
|
Batting: RHB Alfredo Farías
|
0-0: Ball 1-0: Ball 2-0: Ball 3-0: Base on Balls
|
Batting: LHB Manuel Pérez
|
0-0: Ball 1-0: Ball 2-0: Foul Ball, location: 2F 2-1: Foul Ball, location: 2F 2-2: Ground out U3 (Groundball, 3) Alfredo Farías to second
|
Batting: RHB Vincent Braun
|
0-0: Called Strike 0-1: Ball 1-1: Ball 2-1: Fly out, F5 (Popup, 56)
|
Batting: LHB José Delgado
|
0-0: Ball 1-0: Foul Ball, location: 2F 1-1: Called Strike 1-2: Foul Ball, location: 2F 1-2: Ball 2-2: Strikes out looking
|
Top of the 1st over - 0 run(s), 0 hit(s), 0 error(s), 1 left on base; Bismark 0 - Bismarck 0 |
BOTTOM OF THE 1ST |
Bismarck Barons batting - Pitching for Bismark Border Guards : RHP Brandon Sweet
|
Pitching: RHP Brandon Sweet
|
|
Batting: RHB José Ruíz
|
0-0: Foul Ball, location: 2F 0-1: Foul Ball, location: 2F 0-2: Ball 1-2: SINGLE (Groundball, 4) (infield hit)
|
Batting: LHB Earl Wigfall
|
0-0: Called Strike 0-1: Ball 1-1: Foul Ball, location: 2F 1-2: Fly out, F8 (Flyball, 8LS)
|
Batting: RHB Jason Stover
|
0-0: SINGLE (Groundball, 56D) José Ruíz to second
|
Batting: RHB Fernando Castellanos
|
0-0: Ball José Ruíz is caught stealing 3rd base Jason Stover to second 1-0: Ground out 6-3 (Groundball, 6M)
|
Bottom of the 1st over - 0 run(s), 2 hit(s), 0 error(s), 1 left on base; Bismark 0 - Bismarck 0 |
TOP OF THE 2ND |
Bismark Border Guards batting - Pitching for Bismarck Barons : RHP Robinson Alomar
|
Batting: RHB Leonard Harris
|
0-0: Called Strike 0-1: Ball 1-1: Ball 2-1: Ball 3-1: Swinging Strike 3-2: Base on Balls
|
Batting: LHB Cisco Villanueva
|
0-0: Ball Leonard Harris steals 2nd base 1-0: Foul Ball, location: 2F 1-1: Fly out, F4 (Line Drive, 4)
|
Batting: RHB Cipriano Baca
|
0-0: Called Strike 0-1: Swinging Strike 0-2: Strikes out swinging
|
Batting: RHB José Vidal
|
0-0: Ball 1-0: Swinging Strike 1-1: Foul Ball, location: 2F 1-2: Foul Ball, location: 2F 1-2: Ball 2-2: SINGLE (Line Drive, 7S) Leonard Harris to third Runner from 3rd tries for Home, SAFE, no throw
|
Batting: RHB Ricardo Ruíz
|
0-0: Foul Ball, location: 2F 0-1: Ball 1-1: Ball 2-1: Fielders Choice at 2nd, 4-6 (Groundball, 4)
|
Top of the 2nd over - 1 run(s), 1 hit(s), 0 error(s), 0 left on base; Bismark 1 - Bismarck 0 |
BOTTOM OF THE 2ND |
Bismarck Barons batting - Pitching for Bismark Border Guards : RHP Brandon Sweet
|
Batting: RHB Jon Krohne
|
0-0: Called Strike 0-1: Called Strike 0-2: Ball 1-2: Strikes out swinging
|
Batting: RHB Rich Henley
|
0-0: Called Strike 0-1: Ball 1-1: Swinging Strike 1-2: Strikes out swinging
|
Batting: RHB Pedro García
|
0-0: SINGLE (Line Drive, 8LS)
|
Batting: RHB Dave Anderson
|
0-0: Ball 1-0: Ball 2-0: Called Strike 2-1: Foul Ball, location: 2F 2-2: Foul Ball, location: 2F 2-2: Fielders Choice at 2nd, 4-6 (Groundball, 4)
|
Bottom of the 2nd over - 0 run(s), 1 hit(s), 0 error(s), 0 left on base; Bismark 1 - Bismarck 0 |
TOP OF THE 3RD |
Bismark Border Guards batting - Pitching for Bismarck Barons : RHP Robinson Alomar
|
Batting: RHB Alfredo Farías
|
0-0: Ball 1-0: Foul Ball, location: 2F 1-1: DOUBLE (Line Drive, 89XD)
|
Batting: LHB Manuel Pérez
|
0-0: Called Strike 0-1: Ball 1-1: Foul Ball, location: 2F 1-2: Ball 2-2: Ball 3-2: 2-RUN HOME RUN (Flyball, 8RXD), Distance : 402 ft
|
Batting: RHB Vincent Braun
|
0-0: Called Strike 0-1: Ball 1-1: Ball 2-1: SINGLE (Groundball, 6MD)
|
Batting: LHB José Delgado
|
0-0: Swinging Strike 0-1: Ball 1-1: SINGLE (Groundball, 4MD) Vincent Braun to second Runner from 2nd tries for 3rd, SAFE, throw made to third
|
Batting: RHB Leonard Harris
|
0-0: Called Strike José Delgado steals 2nd base 0-1: Foul Ball, location: 2F 0-2: Strikes out swinging
|
Batting: LHB Cisco Villanueva
|
0-0: Swinging Strike 0-1: Swinging Strike 0-2: Strikes out swinging
|
Batting: RHB Cipriano Baca
|
0-0: Ball 1-0: Swinging Strike 1-1: Swinging Strike 1-2: Foul Ball, location: 2F 1-2: Ball 2-2: Foul Ball, location: 2F 2-2: Ball 3-2: Foul Ball, location: 2F 3-2: Strikes out swinging
|
Top of the 3rd over - 2 run(s), 4 hit(s), 0 error(s), 2 left on base; Bismark 3 - Bismarck 0 |
BOTTOM OF THE 3RD |
Bismarck Barons batting - Pitching for Bismark Border Guards : RHP Brandon Sweet
|
Batting: RHB Eugenio Maldonado
|
0-0: Fly out, F8 (Flyball, 8LM)
|
Batting: RHB José Ruíz
|
0-0: Ball 1-0: Ball 2-0: Ball 3-0: Called Strike 3-1: Ball
|
Batting: LHB Earl Wigfall
|
0-0: Called Strike 0-1: Called Strike 0-2: Ball 1-2: Ball 2-2: Foul Ball, location: 2F 2-2: Foul Ball, location: 2F 2-2: Strikes out swinging
|
Batting: RHB Jason Stover
|
0-0: Ball 1-0: Called Strike 1-1: Ball 2-1: Foul Ball, location: 2F 2-2: Ball 3-2: Foul Ball, location: 2F 3-2: Base on Balls José Ruíz to second
|
Batting: RHB Fernando Castellanos
|
0-0: Ball 1-0: Foul Ball, location: 2F 1-1: Ball 2-1: SINGLE (Groundball, 34D) José Ruíz to third Jason Stover to second Runner from 3rd tries for Home, SAFE, no throw
|
Batting: RHB Jon Krohne
|
0-0: Called Strike 0-1: Swinging Strike 0-2: Ball 1-2: Ball 2-2: Ground out 1-3 (Groundball, 15S)
|
Bottom of the 3rd over - 1 run(s), 1 hit(s), 0 error(s), 2 left on base; Bismark 3 - Bismarck 1 |
TOP OF THE 4TH |
Bismark Border Guards batting - Pitching for Bismarck Barons : RHP Robinson Alomar
|
Batting: RHB José Vidal
|
0-0: Ball 1-0: Foul Ball, location: 2F 1-1: Ball 2-1: Ball 3-1: Called Strike 3-2: Strikes out looking
|
Batting: RHB Ricardo Ruíz
|
0-0: Swinging Strike 0-1: Called Strike 0-2: Ball 1-2: Strikes out swinging
|
Batting: RHB Alfredo Farías
|
0-0: Ball 1-0: Swinging Strike 1-1: Foul Ball, location: 2F 1-2: Ball 2-2: Ball 3-2: Strikes out swinging
|
Top of the 4th over - 0 run(s), 0 hit(s), 0 error(s), 0 left on base; Bismark 3 - Bismarck 1 |
BOTTOM OF THE 4TH |
Bismarck Barons batting - Pitching for Bismark Border Guards : RHP Brandon Sweet
|
Batting: RHB Rich Henley
|
0-0: Called Strike 0-1: Called Strike 0-2: Foul Ball, location: 2F 0-2: Strikes out swinging
|
Batting: RHB Pedro García
|
0-0: Ball 1-0: Ball 2-0: Called Strike 2-1: Foul Ball, location: 2F 2-2: Fly out, F8 (Flyball, 8RS)
|
Batting: RHB Dave Anderson
|
0-0: Ball 1-0: SINGLE (Line Drive, 8RS)
|
Batting: RHB Eugenio Maldonado
|
0-0: Ball 1-0: Called Strike 1-1: Foul Ball, location: 2F 1-2: Foul Ball, location: 2F 1-2: Ball 2-2: Fielders Choice at 2nd, 5-4 (Groundball, 56)
|
Bottom of the 4th over - 0 run(s), 1 hit(s), 0 error(s), 0 left on base; Bismark 3 - Bismarck 1 |
TOP OF THE 5TH |
Bismark Border Guards batting - Pitching for Bismarck Barons : RHP Robinson Alomar
|
Batting: LHB Manuel Pérez
|
0-0: Ball 1-0: Fly out, F9 (Line Drive, 9)
|
Batting: RHB Vincent Braun
|
0-0: Swinging Strike 0-1: Swinging Strike 0-2: Ball 1-2: Foul Ball, location: 2F 1-2: Ball 2-2: Ball 3-2: SOLO HOME RUN (Flyball, 7LD), Distance : 324 ft
|
Pitching: RHP Edgar Villa
|
|
Batting: LHB José Delgado
|
0-0: Ball 1-0: Called Strike 1-1: Fly out, F5 (Flyball, 5D)
|
Batting: RHB Leonard Harris
|
0-0: Called Strike 0-1: Swinging Strike 0-2: Foul Ball, location: 2F 0-2: Ball 1-2: Foul Ball, location: 2F 1-2: Ball 2-2: Strikes out swinging
|
Top of the 5th over - 1 run(s), 1 hit(s), 0 error(s), 0 left on base; Bismark 4 - Bismarck 1 |
BOTTOM OF THE 5TH |
Bismarck Barons batting - Pitching for Bismark Border Guards : RHP Brandon Sweet
|
Batting: RHB José Ruíz
|
0-0: Bunt missed! 0-1: Called Strike 0-2: Ball 1-2: Ball 2-2: Ball 3-2: Base on Balls
|
Batting: LHB Earl Wigfall
|
0-0: Ball 1-0: Foul Ball, location: 2F 1-1: Swinging Strike 1-2: Ball 2-2: Foul Ball, location: 2F 2-2: Ball 3-2: Foul Ball, location: 2F 3-2: Base on Balls José Ruíz to second
|
Batting: RHB Jason Stover
|
0-0: Ball 1-0: SINGLE (Groundball, 34D) José Ruíz to third Earl Wigfall to second Runner from 3rd tries for Home, SAFE, no throw
|
Batting: RHB Fernando Castellanos
|
0-0: Ball 1-0: Ball 2-0: Grounds into double play, 6-4-3 (Groundball, 6) Earl Wigfall to third
|
Batting: RHB Jon Krohne
|
0-0: Swinging Strike 0-1: Ball 1-1: Called Strike 1-2: Foul Ball, location: 2F 1-2: Fly out, F7 (Flyball, 7D)
|
Bottom of the 5th over - 1 run(s), 1 hit(s), 0 error(s), 1 left on base; Bismark 4 - Bismarck 2 |
TOP OF THE 6TH |
Bismark Border Guards batting - Pitching for Bismarck Barons : RHP Edgar Villa
|
Batting: LHB Cisco Villanueva
|
0-0: Called Strike 0-1: SINGLE (Line Drive, 34)
|
Batting: RHB Cipriano Baca
|
0-0: Called Strike 0-1: Ball 1-1: Foul Ball, location: 2F 1-2: Strikes out looking
|
Batting: RHB José Vidal
|
0-0: Called Strike 0-1: Swinging Strike 0-2: Foul Ball, location: 2F 0-2: Strikes out swinging
|
Batting: RHB Ricardo Ruíz
|
0-0: Ball Cisco Villanueva steals 2nd base 1-0: Swinging Strike 1-1: Swinging Strike 1-2: Ball 2-2: Ball 3-2: Foul Ball, location: 2F 3-2: Base on Balls
|
Batting: RHB Alfredo Farías
|
0-0: Called Strike 0-1: Ball 1-1: Ball 2-1: Fielders Choice at 2nd, 6-4 (Groundball, 6)
|
Top of the 6th over - 0 run(s), 1 hit(s), 0 error(s), 1 left on base; Bismark 4 - Bismarck 2 |
BOTTOM OF THE 6TH |
Bismarck Barons batting - Pitching for Bismark Border Guards : RHP Brandon Sweet
|
Pitching: RHP Jeff Alexander
|
|
Batting: RHB Rich Henley
|
0-0: Foul Ball, location: 2F 0-1: Fly out, F8 (Flyball, 89D)
|
Batting: RHB Pedro García
|
0-0: Foul Ball, location: 2F 0-1: Called Strike 0-2: Ball 1-2: Ball 2-2: Strikes out looking
|
Batting: RHB Dave Anderson
|
0-0: Foul Ball, location: 2F 0-1: Ball 1-1: Foul Ball, location: 2F 1-2: Ball 2-2: Strikes out swinging
|
Bottom of the 6th over - 0 run(s), 0 hit(s), 0 error(s), 0 left on base; Bismark 4 - Bismarck 2 |
TOP OF THE 7TH |
Bismark Border Guards batting - Pitching for Bismarck Barons : RHP Edgar Villa
|
Batting: LHB Manuel Pérez
|
0-0: Ball 1-0: Called Strike 1-1: Ball 2-1: Foul Ball, location: 2F 2-2: Foul Ball, location: 2F 2-2: Foul Ball, location: 2F 2-2: Foul Ball, location: 2F 2-2: Strikes out swinging
|
Batting: RHB Vincent Braun
|
0-0: Called Strike 0-1: Ball 1-1: Ball 2-1: Swinging Strike 2-2: Strikes out looking
|
Batting: LHB José Delgado
|
0-0: Ball 1-0: Ball 2-0: DOUBLE (Flyball, 7LM)
|
Batting: RHB Leonard Harris
|
0-0: Called Strike 0-1: Ball 1-1: Called Strike 1-2: Ball 2-2: Foul Ball, location: 2F 2-2: SINGLE (Line Drive, 9LS) José Delgado to third
|
Pitching: LHP Charlie Conner
|
|
Pinch Hitting: RHB Jeremiah Soto
|
0-0: Ball 1-0: Ball 2-0: Fly out, F8 (Flyball, 8LD)
|
Top of the 7th over - 0 run(s), 2 hit(s), 0 error(s), 2 left on base; Bismark 4 - Bismarck 2 |
BOTTOM OF THE 7TH |
Bismarck Barons batting - Pitching for Bismark Border Guards : RHP Jeff Alexander
|
Now at 1B: Vicente Pagán
|
|
Now in LF: Jeremiah Soto
|
|
Batting: RHB Eugenio Maldonado
|
0-0: Foul Ball, location: 2F 0-1: Ground out 5-3 (Groundball, 56)
|
Batting: RHB José Ruíz
|
0-0: Swinging Strike 0-1: Ball 1-1: Foul Ball, location: 2F 1-2: Ball 2-2: Fly out, F8 (Flyball, 8RM)
|
Batting: LHB Earl Wigfall
|
0-0: Ball 1-0: Swinging Strike 1-1: Ball 2-1: Swinging Strike 2-2: Ball 3-2: Base on Balls
|
Batting: RHB Jason Stover
|
0-0: Ball 1-0: Foul Ball, location: 2F 1-1: Foul Ball, location: 2F 1-2: Strikes out swinging
|
Bottom of the 7th over - 0 run(s), 0 hit(s), 0 error(s), 1 left on base; Bismark 4 - Bismarck 2 |
TOP OF THE 8TH |
Bismark Border Guards batting - Pitching for Bismarck Barons : LHP Charlie Conner
|
Pitching: RHP Domingo León
|
|
Batting: RHB Cipriano Baca
|
0-0: Ball 1-0: Called Strike 1-1: Called Strike 1-2: Strikes out swinging
|
Batting: RHB José Vidal
|
0-0: Ball 1-0: Ball 2-0: Ball 3-0: Called Strike 3-1: Reached on error, E4 (Groundball, 4)
|
Batting: RHB Ricardo Ruíz
|
0-0: Ball José Vidal is caught stealing 2nd base 1-0: Foul Ball, location: 2F 1-1: Swinging Strike 1-2: Strikes out swinging
|
Top of the 8th over - 0 run(s), 0 hit(s), 1 error(s), 0 left on base; Bismark 4 - Bismarck 2 |
BOTTOM OF THE 8TH |
Bismarck Barons batting - Pitching for Bismark Border Guards : RHP Jeff Alexander
|
Now at C: Rodrigo García
|
|
Batting: RHB Fernando Castellanos
|
0-0: Called Strike 0-1: Ball 1-1: Ball 2-1: Foul Ball, location: 2F 2-2: Foul Ball, location: 2F 2-2: Ground out U3 (Groundball, 3S)
|
Batting: RHB Jon Krohne
|
0-0: Ball 1-0: Fly out, F7 (Flyball, 7)
|
Batting: RHB Rich Henley
|
0-0: Called Strike 0-1: Ground out 5-3 (Groundball, 56)
|
Bottom of the 8th over - 0 run(s), 0 hit(s), 0 error(s), 0 left on base; Bismark 4 - Bismarck 2 |
TOP OF THE 9TH |
Bismark Border Guards batting - Pitching for Bismarck Barons : RHP Domingo León
|
Batting: RHB Alfredo Farías
|
0-0: Called Strike 0-1: Ball 1-1: Foul Ball, location: 2F 1-2: Strikes out swinging
|
Batting: LHB Manuel Pérez
|
0-0: Ball 1-0: Foul Ball, location: 2F 1-1: Foul Ball, location: 2F 1-2: Strikes out looking
|
Batting: SHB Vicente Pagán
|
0-0: Ball 1-0: Called Strike 1-1: Called Strike 1-2: Fly out, F9 (Flyball, 89S)
|
Top of the 9th over - 0 run(s), 0 hit(s), 0 error(s), 0 left on base; Bismark 4 - Bismarck 2 |
BOTTOM OF THE 9TH |
Bismarck Barons batting - Pitching for Bismark Border Guards : RHP Jeff Alexander
|
Pitching: RHP César Rodríguez
|
|
Batting: RHB Pedro García
|
0-0: Foul Ball, location: 2F 0-1: SINGLE (Line Drive, 89S)
|
Pinch Hitting: LHB Jesús Bueno
|
0-0: Ball 1-0: Grounds into double play, 4-6-3 (Groundball, 34)
|
Batting: RHB Eugenio Maldonado
|
0-0: Ball 1-0: Ball 2-0: Foul Ball, location: 2F 2-1: Swinging Strike 2-2: Ball 3-2: Base on Balls
|
Pinch Runner at 1st Pancho Torres:
|
|
Pinch Hitting: LHB Jorge Fernández
|
0-0: Foul Ball, location: 2F 0-1: Foul Ball, location: 2F 0-2: Ball 1-2: Foul Ball, location: 2F 1-2: Strikes out looking
|
Bottom of the 9th over - 0 run(s), 1 hit(s), 0 error(s), 1 left on base; Bismark 4 - Bismarck 2 |
|